 Dungeon Crawl Stone Soup version 0.26-a0-652-gafc20e3620 (webtiles) character file.

Game seed: 13275568440167585245

3457 grandjackal the Skirmisher (level 9, -3/72 HPs)
             Began as a Demonspawn Gladiator on Oct 1, 2020.
             Was a Follower of Makhleb.
             Slain by an unseen horror (9 damage)
             ... on level 8 of the Dungeon.
             The game lasted 00:10:58 (7880 turns).

grandjackal the Skirmisher (Demonspawn Gladiator)   Turns: 7880, Time: 00:10:58

Health: -3/72      AC: 14    Str: 18    XL:     9   Next: 78%
Magic:  12/12      EV: 15    Int:  9    God:    Makhleb [*.....]
Gold:   69         SH:  9    Dex: 15    Spells: 8/8 levels left

rFire    + . .     SeeInvis .   H - +2 long sword (vorpal)
rCold    + + .     Faith    .   f - +0 buckler
rNeg     + . .     Spirit   .   O - +2 ring mail {rC+}
rPois    .         Reflect  .   E - +0 helmet "Mygozxue" {rN+} (curse)
rElec    .         Harm     .   o - +0 cloak
rCorr    .         Rampage  .   L - +0 pair of gloves
MR       .....                  (no boots)
Stlth    +.........             J - amulet of regeneration
HPRegen  0.62/turn              B - ring of protection from fire
MPRegen  0.13/turn              l - +4 ring of protection

@: no status effects
A: talons 2, large bone plates 1, cold resistance 1, demonic guardian 2,
freezing cloud immunity
a: Renounce Religion


You were on level 8 of the Dungeon.
You worshipped Makhleb.
Makhleb was aware of your devotion.
You visited 2 branches of the dungeon, and saw 9 of its levels.

You collected 405 gold pieces.
You spent 336 gold pieces at shops.

Inventory:

Hand Weapons
 w - a +0 dagger of electrocution
 H - a +2 vorpal long sword (weapon)
Missiles
 d - 3 throwing nets (quivered)
Armour
 f - a +0 buckler (worn)
 o - a +0 cloak (worn)
 z - a +0 kite shield
 E - the cursed +0 helmet "Mygozxue" (worn) {rN+}
   (You found it on level 4 of the Dungeon)

   It protects you from negative energy.
   It has a curse placed upon it.
 L - a +0 pair of gloves (worn)
 O - a +2 ring mail of cold resistance (worn)
Jewellery
 i - an uncursed ring of wizardry {unknown}
 l - a +4 ring of protection (right hand)
 B - a ring of protection from fire (left hand)
 F - an uncursed ring of resist corrosion {unknown}
 J - an amulet of regeneration (around neck)
Wands
 c - a wand of random effects (24)
 x - a wand of iceblast (14)
 C - a wand of polymorph (8)
 D - a wand of enslavement (24)
 I - a wand of paralysis (10)
 M - a wand of digging (4)
Scrolls
 a - 2 scrolls of immolation
 b - a scroll of vulnerability {unknown}
 g - 5 scrolls of teleportation
 n - 5 scrolls of enchant armour {unknown}
 p - 5 scrolls of fear
 q - 2 scrolls of amnesia {unknown}
 s - 2 scrolls of magic mapping
 v - 3 scrolls of remove curse
 y - 2 scrolls of fog
 A - 4 scrolls of blinking
 K - a scroll of silence {unknown}
 N - a scroll of identify
Potions
 e - 2 potions of might
 h - 2 potions of curing
 j - 3 potions of flight
 k - 2 potions of lignification
 m - a potion of cancellation
 r - 4 potions of heal wounds
 t - a potion of brilliance
 u - 2 potions of stabbing
 G - a potion of haste {unknown}


   Skills:
 + Level 7.1 Fighting
 + Level 6.8 Long Blades
 - Level 1.7 Throwing
 + Level 6.8 Dodging
 + Level 6.0 Shields
 + Level 4.1 Invocations


You had 8 spell levels left.
You didn't know any spells.
Your spell library contained the following spells:

 Spells                   Type           Power        Failure   Level
 Freeze                   Ice            #...         58%         1
 Confusing Touch          Hex            #.......     91%         3
 Frozen Ramparts          Ice            #.....       91%         3
 Gell's Gravitas          Tloc           #.........   91%         3
 Ozocubu's Armour         Ice            #.......     91%         3
 Cause Fear               Hex            #.........   100%        4
 Hailstorm                Conj/Ice       #.......     100%        4
 Petrify                  Tmut/Erth      #.......     100%        4
 Summon Ice Beast         Ice/Summ       #.......     100%        4
 Metabolic Englaciation   Hex/Ice        #.........   100%        5
 Silence                  Hex/Air        #.........   100%        5
 Yara's Violent Unravell  Hex/Tmut       #.........   100%        5
 Discord                  Hex            #.........   100%        8


Dungeon Overview and Level Annotations

Branches:
Dungeon (8/15)             Temple (1/1) D:7
   Lair: D:8-11

Altars:
Ashenzari
Cheibriados
Dithmenos
Elyvilon
Fedhas
Gozag
Hepliaklqana
Kikubaaqudgha
Makhleb
Nemelex Xobeh
Okawaru
Qazlal
Ru
Sif Muna
Trog
Uskayaw
Vehumet
Wu Jian
Xom
Yredelemnul
Zin
The Shining One

Shops:
D:7 ?


Innate Abilities, Weirdness & Mutations

You have razor-sharp toenails.
You are partially covered in large bone plates. (SH +4)
Your flesh is cold resistant. (rC+)
A demonic guardian rushes to your aid.
You are immune to freezing clouds.


Message History

You barely miss something. You claw something. Something hits you!
You swing at nothing.
Something hits you but does no damage.
You completely miss something. Something hits you but does no damage.
Something hits you.
You barely miss something. Your kick misses something.
Something hits you but does no damage.
You swing at nothing.
You miss something. Your kick misses something. Something hits you!
Something hits you.
You barely miss something. Something barely misses you.
You swing at nothing.
Something hits you but does no damage.
You slash something! Your kick misses something. Something hits you!
* * * LOW HITPOINT WARNING * * *
You swing at nothing.
Something hits you but does no damage. Something hits you!
* * * LOW HITPOINT WARNING * * *
You barely miss something. Something hits you.
* * * LOW HITPOINT WARNING * * *
Something hits you!
You die...

######.# #.# #†#
#.# #.#
#.############
#............#
###############.#
#........#<.# #.#
#@######.#..###.#
#{# #........#
######'###
####.#####
#........# #.#
#........# #.#
#........# #.#
#........# #.#
..........# #.#
.!........# #.#


There were no monsters in sight!

Vanquished Creatures
  Menkaure (D:5)
  2 ice beasts
  A black bear (D:7)
  A phantom (D:5)
  A sky beast (D:6)
  A necrophage (D:8)
  2 ogres
  A lemure (D:8)
  2 centaurs
  3 bullfrogs (D:8)
  2 gnoll sergeants (D:7)
  3 scorpions
  5 wights
  2 howler monkeys
  4 jellies
  4 hounds
  4 orc priests
  4 orc wizards (D:8)
  2 bullfrog skeletons
  A centaur skeleton (D:3)
  2 iguanas
  2 worker ants (D:5)
  3 hound skeletons
  A mummy (D:7)
  9 adders
  9 gnolls
  2 white imps (D:6)
  3 ufetubi
  4 oozes
  A worm (D:2)
  A dart slug (D:1)
  3 leopard geckos
  14 orcs
  8 giant cockroaches
  9 goblins
  8 hobgoblins
  3 jackals (D:8)
  9 kobolds
  4 quokkas
  3 bats
  7 frilled lizards
  8 rats
159 creatures vanquished.

Vanquished Creatures (collateral kills)
  Pikel (D:8)
  An orc warrior (D:8)
  A sky beast (D:6)
  2 ogres (D:4)
  A centaur (D:6)
  A lemure (D:8)
  A bullfrog (D:8)
  A scorpion (D:6)
  3 wights (D:6)
  A jelly (D:7)
  An orc wizard (D:8)
  3 worker ants
  3 gnolls (D:7)
  4 orcs (D:3)
24 creatures vanquished.

Vanquished Creatures (others)
  8 plants (D:7)
8 creatures vanquished.

Grand Total: 191 creatures vanquished

Notes
Turn   | Place    | Note
-------+----------+-------------------------------------------
     0 | D:1      | grandjackal the Demonspawn Gladiator began the quest for
                  | the Orb.
     0 | D:1      | Reached XP level 1. HP: 16/16 MP: 1/1
    86 | D:1      | Gained mutation: You have sharp toenails. [demonic
                  | ancestry]
    86 | D:1      | Reached XP level 2. HP: 18/22 MP: 2/2
   298 | D:2      | Found a sparkling altar of Nemelex Xobeh.
   455 | D:1      | Reached XP level 3. HP: 26/28 MP: 3/3
   684 | D:2      | Reached skill level 1 in Shields
   779 | D:2      | Gained mutation: A weak demonic guardian rushes to your
                  | aid. [demonic ancestry]
   779 | D:2      | Reached XP level 4. HP: 29/34 MP: 4/4
   876 | D:2      | Found a glowing golden altar of the Shining One.
  1232 | D:3      | Reached skill level 3 in Fighting
  1682 | D:3      | Gained mutation: A demonic guardian rushes to your aid.
                  | [demonic ancestry]
  1682 | D:3      | Reached XP level 5. HP: 31/41 MP: 5/5
  2610 | D:3      | Found an opulent altar of Gozag.
  2611 | D:3      | Found a glowing silver altar of Zin.
  2900 | D:4      | Gained mutation: Your flesh is cold resistant. (rC+)
                  | [demonic ancestry]
  2900 | D:4      | Reached XP level 6. HP: 41/47 MP: 6/6
  3122 | D:4      | Reached skill level 4 in Fighting
  3417 | D:4      | Found a shimmering blue altar of Sif Muna.
  3417 | D:4      | Found an ancient bone altar of Kikubaaqudgha.
  3751 | D:4      | Got an encrusted helmet
  3762 | D:4      | Identified the cursed +0 helmet "Mygozxue" {rN+} (You found
                  | it on level 4 of the Dungeon)
  3813 | D:5      | Entered Level 5 of the Dungeon
  3854 | D:5      | Gained mutation: You are partially covered in large bone
                  | plates. (SH +4) [demonic ancestry]
  3854 | D:5      | Reached XP level 7. HP: 54/54 MP: 7/7
  4143 | D:5      | Noticed Menkaure
  4147 | D:5      | Killed Menkaure
  4904 | D:6      | Reached skill level 5 in Fighting
  4904 | D:6      | Reached skill level 5 in Long Blades
  4911 | D:6      | Reached skill level 5 in Dodging
  4911 | D:6      | Gained mutation: You have razor-sharp toenails. [demonic
                  | ancestry]
  4911 | D:6      | Reached XP level 8. HP: 9/62 MP: 8/8
  6408 | D:7      | Found a hazy altar of Hepliaklqana.
  6422 | D:7      | Reached skill level 6 in Fighting
  6500 | D:7      | Reached skill level 5 in Shields
  6516 | D:7      | Found a blossoming altar of Fedhas.
  6530 | D:7      | Gained mutation: You are immune to freezing clouds.
                  | [demonic ancestry]
  6530 | D:7      | Reached XP level 9. HP: 56/69 MP: 9/9
  6531 | D:7      | Found a staircase to the Ecumenical Temple.
  6557 | Temple   | Entered the Ecumenical Temple
  6749 | Temple   | Became a worshipper of Makhleb the Destroyer
  6862 | D:7      | Found a snail-covered altar of Cheibriados.
  6867 | D:7      | Reached skill level 1 in Invocations
  6932 | D:7      | Found Wych's Magic Scroll Emporium.
  6935 | D:7      | Bought a scroll of fog for 26 gold pieces
  6935 | D:7      | Bought a scroll of blinking for 97 gold pieces
  6935 | D:7      | Bought a scroll of teleportation for 39 gold pieces
  6935 | D:7      | Bought a scroll of fear for 45 gold pieces
  6935 | D:7      | Bought a scroll of magic mapping for 45 gold pieces
  6935 | D:7      | Bought a scroll of immolation for 45 gold pieces
  6935 | D:7      | Bought a scroll of remove curse for 39 gold pieces
  7471 | D:8      | Reached * piety under Makhleb
  7529 | D:8      | Noticed Pikel
  7541 | D:8      | Killed Pikel
  7723 | D:8      | Reached skill level 7 in Fighting
  7880 | D:8      | Slain by an unseen horror

Illustrated notes

Levels and vault maps discovered:
D:1:      psy_arrival_basics, layout_rooms, minmay_quantized
D:2:      layout_rooms, nemelex_xobeh_ov_fountains_minmay,
          nicolae_tso_carved_into_rock
D:3:      cheibrodos_pilgrimage, layout_basic,
          grunt_temple_overflow_gold_and_silver
D:4:      layout_rooms, gammafunk_temple_overflow_statue, grunt_ministairs_14
D:5:      layout_loops_cross, uniq_menkaure
D:6:      layout_loops_ring
D:7:      minmay_bubble_buster, layout_loops_ring, kennysheep_mini,
          slow_altar_2, old_standard_altar, minmay_temple_entry_overgrown,
          serial_shops, kennysheep_mini_moat
D:8:      layout_basic, nicolae_ossuary_entry_plus, uniq_pikel
Temple:   nicolae_temple_figure_eight

Skill      XL: |  1  2  3  4  5  6  7  8  9 |
---------------+----------------------------+-----
Long Blades    | 3 4 5 6 |  6.8
Dodging        | 3 4 5 6 |  6.8
Shields        | 1 2 3 5 6 |  6.0
Fighting       | 3 4 5 6 7 |  7.1
Invocations    | 4 |  4.1
Throwing       | |  1.7

Action                   |  1- 3 |  4- 6 |  7- 9 || total
-------------------------+-------+-------+-------++-------
Melee: Long sword        |    57 |   142 |   318 ||   517
       Kick              |    11 |    41 |   129 ||   181
Throw: Throwing net      |       |       |     1 ||     1
Evoke: Wand              |       |       |     2 ||     2
  Use: Potion            |       |       |     1 ||     1
       Scroll            |       |       |     9 ||     9
 Stab: Sleeping          |       |     1 |     3 ||     4
       Distracted        |       |     1 |       ||     1
       Held in net/web   |       |       |     1 ||     1
Armor: Leather armour    |    11 |    39 |    17 ||    67
       Ring mail         |       |       |    76 ||    76
Dodge: Dodged            |    46 |   108 |   169 ||   323
Block: Buckler           |       |    19 |   158 ||   177
       Rpst.: Long sword |     8 |    37 |    42 ||    87

Table legend: (Time is in decaauts)
 A = Elapsed time spent in this place.
 B = Non-inter-level travel time spent in this place.
 C = Inter-level travel time spent in this place.
 D = Time resting spent in this place.
 E = Time spent auto-exploring this place.
 F = Levels seen in this place.
 G = Mean time per level.
                   A        B        C        D        E       F      G
               +--------+--------+--------+--------+--------+-----+--------+
         Total |   7961 |   7664 |    297 |   2586 |   3593 |   9 |  884.6 |
       Dungeon |   7755 |   7471 |    284 |   2576 |   3429 |   8 |  969.4 |
        Temple |    205 |    192 |     13 |     10 |    164 |   1 |  205.0 |
               +--------+--------+--------+--------+--------+-----+--------+

Top non-repeatable levels by time:
     D:3: 1717 daAuts
     D:5: 1496 daAuts
     D:6: 1095 daAuts
     D:4: 945 daAuts
     D:7: 876 daAuts
     D:2: 701 daAuts
     D:1: 491 daAuts
     D:8: 431 daAuts
  Temple: 205 daAuts
